 Dungeon Crawl Stone Soup version 0.28.0-47-ge53b351184 (webtiles) character file.

Game seed: 13406411011099070124

3635 Iusername the Blocker (level 9, -1/83 HPs)
             Began as a Minotaur Fighter on May 6, 2022.
             Was a Follower of the Shining One.
             Killed from afar by an electric eel (13 damage)
             ... with a bolt of electricity
             ... on level 8 of the Dungeon.
             The game lasted 00:15:00 (10373 turns).

Iusername the Blocker (Minotaur Fighter)           Turns: 10373, Time: 00:15:00

Health: -1/83      AC: 15    Str: 25    XL:     9   Next: 87%
Magic:  8/8        EV:  7    Int:  5    God:    the Shining One [*.....]
Gold:   404        SH:  6    Dex: 10    Spells: 8/8 levels left

rFire   . . .      SeeInvis .   b - +4 spear
rCold   . . .      Faith    .   c - +0 buckler
rNeg    . . .      Spirit   .   n - +0 plate armour
rPois   .          Reflect  .   (helmet restricted)
rElec   .          Harm     .   (no cloak)
rCorr   .          Rampage  .   (no gloves)
Will    .....                   o - +0 pair of boots
Stlth   ..........              (no amulet)
HPRegen 0.23/turn               (no ring)
MPRegen 0.11/turn               (no ring)

@: glowing
A: horns 2, retaliatory headbutt
a: Renounce Religion, Divine Shield


You were on level 8 of the Dungeon.
You worshipped the Shining One.
The Shining One was aware of your devotion.
You visited 2 branches of the dungeon, and saw 9 of its levels.

You collected 404 gold pieces.

Inventory:

Hand Weapons
 b - a +4 spear (weapon)
Armour
 c - a +0 buckler (worn)
 n - a +0 plate armour (worn)
 o - a +0 pair of boots (worn)
 w - a +2 pair of gloves
Jewellery
 z - a ring of resist corrosion
Wands
 y - a wand of polymorph (6)
Scrolls
 a - a scroll of identify
 f - a scroll of blinking
 j - 2 scrolls of magic mapping
 k - 4 scrolls of teleportation
 p - a scroll of noise {unknown}
 q - a scroll of vulnerability {unknown}
 s - a scroll of torment {unknown}
Potions
 d - a potion of magic {unknown}
 e - a potion of haste
 g - 2 potions of heal wounds {unknown}
 h - 2 potions of degeneration {unknown}
 i - a potion of resistance {unknown}
 l - 2 potions of ambrosia {unknown}
 m - a potion of mutation {unknown}
 r - 3 potions of berserk rage {unknown}
 t - 2 potions of flight {unknown}
 u - 2 potions of lignification {unknown}
 v - a potion of curing {unknown}
 x - a potion of might


   Skills:
 + Level 9.3 Fighting
 + Level 8.8 Long Blades
 + Level 9.3 Armour
 + Level 9.3 Shields


You had 8 spell levels left.
You didn't know any spells.
Your spell library contained the following spells:

 Spells                   Type           Power      Damage    Failure   Level
 Ensorcelled Hibernation  Hex/Ice        0%         N/A       100%        2
 Scorch                   Fire           0%         2d5       100%        2
 Spider Form              Tmut/Pois      0%         N/A       100%        3
 Anguish                  Hex/Necr       0%         N/A       100%        4
 Flame Wave               Conj/Fire      0%         2d4       100%        4
 Summon Cactus Giant      Summ           0%         N/A       100%        6


Dungeon Overview and Level Annotations

Branches:
Dungeon (8/15)             Temple (1/1) D:5
   Lair: D:8-11

Altars:
Hepliaklqana
Zin
The Shining One

Shops:
D:4 (


Innate Abilities, Weirdness & Mutations

You have a pair of horns on your head.
You reflexively headbutt those who attack you in melee.


Message History

The electric eel shoots out a bolt of lightning at you!
The bolt of electricity misses you.
A wolf comes into view.
A hound comes into view.
The centaur wields a +0 shortbow.
The centaur shoots an arrow.
The arrow hits you but does no damage.
A hound comes into view.
The electric eel shoots out a bolt of lightning at you!
The bolt of electricity hits you!
An electric eel comes into view.
The centaur shoots an arrow.
The arrow hits you but does no damage.
The electric eel shoots out a bolt of lightning at you!
The bolt of electricity hits you.
You hear a shout!
You hear a bark!
A troll comes into view.
The electric eel shoots out a bolt of lightning at you!
The bolt of electricity hits you!
The electric eel shoots out a bolt of lightning at you!
The bolt of electricity hits you!
A hound comes into view.
The hound barks!
The electric eel shoots out a bolt of lightning at you!
The bolt of electricity hits you!
You see here a ring of resist corrosion.
z - a ring of resist corrosion The electric eel shoots out a bolt of lightning at you!
The bolt of electricity hits you.
The electric eel shoots out a bolt of lightning at you!
The bolt of electricity hits you!
The electric eel shoots out a bolt of lightning at you!
The bolt of electricity hits you.
* * * LOW HITPOINT WARNING * * *
The electric eel shoots out a bolt of lightning at you!
The bolt of electricity hits you!
* * * LOW HITPOINT WARNING * * *
The wolf bites you but does no damage.
The electric eel shoots out a bolt of lightning at you!
The bolt of electricity hits the electric eel.
The electric eel completely resists.
The bolt of electricity hits you!
You die...

.hch≈≈≈≈≈≈.=..#
≈≈≈S≈≈≈≈≈.....#
≈S≈≈S.h≈≈.....
≈≈≈≈≈..≈≈...# #
≈≈≈..h.≈.≈..#.#..#
≈≈......T........#
###........##.# .#
.........h....# .#
####.....@######.###
#................
##.#.###.######.#
................#
#.#.#<###.#####..# #
....# ...# #..# .#
.# #.### #..# .# ...
#..###.## .# #..
#.>......


You could see a troll, a wolf, 2 hounds and 2 electric eels.

Vanquished Creatures
  A two-headed ogre (D:8)
  Pikel (D:4)
  2 trolls
  Sigmund (D:3)
  2 sky beasts
  An ice beast (D:4)
  2 black bears (D:6)
  A centaur (D:7)
  A wolf (D:8)
  A kobold brigand (D:7)
  A bullfrog (D:7)
  2 gnoll sergeants
  A scorpion (D:5)
  A water moccasin zombie (D:7)
  5 killer bees (D:7)
  A bullfrog zombie (D:6)
  4 hounds
  2 orc priests
  3 gnoll shamans
  An iguana (D:5)
  2 hound skeletons (D:4)
  A howler monkey zombie (D:7)
  31 gnolls
  4 adders
  A shadow imp (D:8)
  A white imp (D:7)
  A worm (D:2)
  2 dart slugs
  10 orcs
  3 ball pythons
  8 endoplasms
  4 giant cockroaches
  13 goblins
  3 hobgoblins
  A quokka (D:1)
  2 bats
  5 frilled lizards
  10 kobolds
  13 rats
149 creatures vanquished.

Notes
Turn   | Place    | Note
-------+----------+-------------------------------------------
     0 | D:1      | Iusername the Minotaur Fighter began the quest for the Orb.
     0 | D:1      | Reached XP level 1. HP: 19/19 MP: 0/0
   200 | D:1      | Reached XP level 2. HP: 27/27 MP: 1/1
  1173 | D:1      | Reached XP level 3. HP: 31/33 MP: 2/2
  2803 | D:3      | Reached XP level 4. HP: 32/41 MP: 3/3
  3078 | D:3      | Noticed Sigmund
  3087 | D:3      | Killed Sigmund
  3088 | D:3      | Reached skill level 5 in Fighting
  3088 | D:3      | Reached skill level 5 in Armour
  3088 | D:3      | Reached skill level 5 in Shields
  3088 | D:3      | Reached XP level 5. HP: 30/48 MP: 4/4
  3574 | D:3      | Identified the +3 whip "Ywnacuiss" {protect, rF- Dex+7}
  3726 | D:3      | Reached XP level 6. HP: 38/56 MP: 5/5
  4608 | D:4      | Noticed Pikel
  4624 | D:4      | Killed Pikel
  4625 | D:4      | Reached skill level 5 in Long Blades
  4625 | D:4      | Reached XP level 7. HP: 45/63 MP: 6/6
  5187 | D:4      | Found Enlicw's Weapon Shop.
  5611 | D:5      | Entered Level 5 of the Dungeon
  5619 | D:5      | Noticed a troll
  5627 | D:5      | Killed a troll
  5628 | D:5      | Reached XP level 8. HP: 64/71 MP: 7/7
  6142 | D:5      | Found a staircase to the Ecumenical Temple.
  6218 | Temple   | Entered the Ecumenical Temple
  6248 | Temple   | Became a worshipper of the Shining One
  6436 | D:6      | Noticed a troll
  6455 | D:6      | Killed a troll
  7854 | D:6      | Reached XP level 9. HP: 70/81 MP: 8/8
  8118 | D:7      | Reached * piety under the Shining One
  8861 | D:8      | Noticed a two-headed ogre
  8869 | D:8      | Killed a two-headed ogre
 10367 | D:8      | Noticed a troll
 10373 | D:8      | Killed from afar by an electric eel

Illustrated notes

Levels and vault maps discovered:
D:1:      dpeg_arrival_ratfight, layout_basic, minmay_distorted
D:2:      layout_basic
D:3:      layout_basic, roderic_serpentine_path, st_stairs_8, uniq_sigmund,
          uniq_ijyb
D:4:      layout_basic, serial_shops, nicolae_shop_bloodbath_and_beyond,
          minmay_liquid_box, uniq_pikel
D:5:      layout_basic, minmay_temple_entry_crystal_x, grunt_decor_clamped,
          minmay_misc_feat_enclosed
D:6:      layout_loops_ring, lightli_ossuary_entry_decrepit_ruins
D:7:      layout_rooms, enter_bailey_3
D:8:      layout_basic, erik_lair_island, minmay_fractal_squares_gapless_5
Temple:   mainiacjoe_temple_bowtie_tessellation

Skill      XL: |  1  2  3  4  5  6  7  8  9 |
---------------+----------------------------+-----
Fighting       | 4 5 6 7 9 |  9.3
Long Blades    | 3 4 5 6 7 8 |  8.8
Armour         | 4 5 6 7 9 |  9.3
Shields        | 4 5 6 7 9 |  9.3

Action                   |  1- 3 |  4- 6 |  7- 9 || total
-------------------------+-------+-------+-------++-------
Melee: Long sword        |    93 |    49 |   166 ||   308
       Headbutt          |     6 |     7 |    48 ||    61
       Spear             |       |       |    87 ||    87
Evoke: Wand              |       |       |     6 ||     6
  Use: Scroll            |     4 |       |     5 ||     9
       Potion            |       |     1 |     1 ||     2
Armor: Scale mail        |    29 |       |       ||    29
       Plate armour      |     4 |    44 |   203 ||   251
Dodge: Dodged            |    28 |    13 |   110 ||   151
Block: Buckler           |    16 |    10 |    95 ||   121
